 Dungeon Crawl Stone Soup version 0.30-a0-137-gd8773701ce (webtiles) character file.

Game seed: 16677712164529763568

679 Flugkiller the Trooper (level 7, 0/60 HPs)
             Began as a Formicid Hunter on Sept 21, 2022.
             Slain by a jelly (3 damage)
             ... on level 6 of the Dungeon.
             The game lasted 00:03:17 (3698 turns).

Flugkiller the Trooper (Formicid Hunter)            Turns: 3698, Time: 00:03:17

Health: 0/60       AC: -4    Str: 15    XL:     7   Next: 92%
Magic:  7/7        EV: 12    Int:  9    God:
Gold:   169        SH:  0    Dex: 19    Spells: 6/6 levels left

rFire   . . .      SeeInvis +    a - +0 shortbow
rCold   . . .      Faith    +    (no shield)
rNeg    . . .      Spirit   .    c - +0 leather armour
rPois   .          Reflect  .    (helmet unavailable)
rElec   .          Harm     .    k - +0 cloak
rCorr   .          Rampage  .    (no gloves)
Will    .....                    (no boots)
Stlth   ++........               x - amulet of faith
HPRegen 0.20/turn                (no ring)
MPRegen 0.10/turn                (no ring)

@: corroded
A: permanent stasis, dig shafts and tunnels, antennae 3, four strong arms
a: Dig, Shaft Self


You were on level 6 of the Dungeon.
You visited 1 branch of the dungeon, and saw 5 of its levels.

You collected 169 gold pieces.

Inventory:

Hand Weapons
 a - a +0 shortbow (weapon)
 p - a +3 trident of holy wrath
   (You took it off an orc priest on level 3 of the Dungeon)
Armour
 c - a +0 leather armour (worn)
 k - a +0 cloak (worn)
   (You found it on level 2 of the Dungeon)
Jewellery
 x - an amulet of faith (around neck)
   (You found it on level 3 of the Dungeon)
Wands
 v - a wand of quicksilver (13)
   (You found it on level 3 of the Dungeon)
 y - a wand of flame (17)
   (You took it off Grinder on level 3 of the Dungeon)
Scrolls
 b - 2 scrolls of immolation
 e - 7 scrolls of identify {unknown}
 f - a scroll of amnesia {unknown}
 o - a scroll of fear {unknown}
 r - 2 scrolls of poison
 s - 2 scrolls of enchant weapon
 t - a scroll of teleportation
Potions
 d - a potion of degeneration {unknown}
 g - 2 potions of cancellation {unknown}
 h - a potion of heal wounds {unknown}
 i - 2 potions of mutation {unknown}
 j - 2 potions of resistance {unknown}
 l - 2 potions of haste {unknown}
 m - a potion of magic {unknown}
 n - a potion of might {unknown}
 q - a potion of curing
 u - a potion of attraction {unknown}
 w - 2 potions of flight {unknown}


   Skills:
 + Level 7.6 Fighting
 + Level 3.0 Polearms
 - Level 4.0 Ranged Weapons
 - Level 1.7 Dodging
 - Level 1.2 Stealth
 + Level 3.1 Evocations


You had 6 spell levels left.
You didn't know any spells.
Your spell library contained the following spells:

 Spells                   Type           Power      Damage    Failure   Level
 Freeze                   Ice            0%         1d3       45%         1
 Frozen Ramparts          Ice            0%         1d1       83%         3
 Hailstorm                Conj/Ice       0%         3d3       99%         4


Dungeon Overview and Level Annotations

Branches:
Dungeon (6/15) Zot: 26207
 Temple: D:4-7

Altars:
Ru
Wu Jian

Annotations:
D:4 Duvessa


Innate Abilities, Weirdness & Mutations

You cannot be hasted, slowed, berserked, paralysed or teleported.
You can dig through walls and to a lower floor.
You have a pair of large antennae on your head. (SInv)
Your four strong arms can wield two-handed weapons with a shield.


Message History

You kill the scorpion!
You feel very sick.
Your Polearms skill increases to level 3!
Your Evocations skill increases to level 3!
Fire: a) +0 shortbow
Press: ? - help, Q - select action, (/) - cycle Shift-Dir - straight line, f - you Really target yourself?
Okay, then.
You feel very sick.
You hear a distant slurping noise.
You feel sick.
You feel sick.
You start resting.
You feel sick. x6
You are no longer poisoned.
You start resting.
You hear a distant slurping noise. x4
You hear a squelching noise.
You hear a distant slurping noise. x5
You hear a squelching noise.
You hear a distant slurping noise. x8
A jelly comes into view.
You shoot an arrow. The jelly quivers.
The arrow hits the jelly.
The jelly is lightly wounded.
You shoot an arrow. The arrow hits the jelly!
The jelly is moderately wounded.
You shoot an arrow. The arrow hits the jelly.
The jelly is moderately wounded.
You shoot an arrow. The arrow hits the jelly.
The jelly is heavily wounded.
You shoot an arrow. The arrow completely misses the jelly.
The jelly closely misses you.
You shoot an arrow. The arrow hits the jelly.
The jelly is heavily wounded.
The jelly hits you. The acid corrodes you!
You are splashed with acid!
The jelly barely misses you.
You shoot an arrow.
The arrow hits the jelly but does no damage.
The jelly is heavily wounded.
The jelly hits you.
You are splashed with acid!
Fire: a) +0 shortbow
Press: ? - help, Q - select action, (/) - cycle Shift-Dir - straight line, f/p - jelly
Aim: a jelly (heavily wounded, 91% to hit)
You shoot an arrow.
The arrow hits the jelly but does no damage.
The jelly is heavily wounded.
The jelly hits you. The acid corrodes you!
You are splashed with acid.
Fire: a) +0 shortbow
Press: ? - help, Q - select action, (/) - cycle Shift-Dir - straight line, f/p - jelly
Aim: a jelly (heavily wounded, 91% to hit)
You shoot an arrow. The arrow hits the jelly.
The jelly is heavily wounded.
The jelly barely misses you. The jelly misses you.
Fire: a) +0 shortbow
Press: ? - help, Q - select action, (/) - cycle Shift-Dir - straight line, f/p - jelly
Aim: a jelly (heavily wounded, 91% to hit)
You shoot an arrow. The arrow hits the jelly.
The jelly is heavily wounded.
The jelly hits you.
You are splashed with acid!
* * * LOW HITPOINT WARNING * * *
Fire: a) +0 shortbow
Press: ? - help, Q - select action, (/) - cycle Shift-Dir - straight line, f/p - jelly
Aim: a jelly (heavily wounded, 91% to hit)
You shoot an arrow. The arrow barely misses the jelly.
The jelly hits you.
* * * LOW HITPOINT WARNING * * *
You are splashed with acid!
* * * LOW HITPOINT WARNING * * *
Fire: a) +0 shortbow
Press: ? - help, Q - select action, (/) - cycle Shift-Dir - straight line, f/p - jelly
Aim: a jelly (heavily wounded, 91% to hit)
You shoot an arrow. The arrow hits the jelly.
The jelly is severely wounded.
The jelly misses you. The jelly completely misses you.
Okay, then.
You feel better. The jelly closely misses you.
Fire: a) +0 shortbow
Press: ? - help, Q - select action, (/) - cycle Shift-Dir - straight line, f/p - jelly
Aim: a jelly (severely wounded, 91% to hit)
You shoot an arrow. The arrow hits the jelly.
The jelly is severely wounded.
The jelly closely misses you.
Fire: a) +0 shortbow
Press: ? - help, Q - select action, (/) - cycle Shift-Dir - straight line, f/p - jelly
Aim: a jelly (severely wounded, 91% to hit)
You shoot an arrow. The arrow hits the jelly!
The jelly is almost dead.
The jelly hits you.
* * * LOW HITPOINT WARNING * * *
The acid corrodes you!
You are splashed with acid!
* * * LOW HITPOINT WARNING * * *
Fire: a) +0 shortbow
Press: ? - help, Q - select action, (/) - cycle Shift-Dir - straight line, f/p - jelly
Aim: a jelly (almost dead, 91% to hit)
You shoot an arrow.
The arrow hits the jelly but does no damage.
The jelly is almost dead.
The jelly barely misses you. The jelly hits you.
You die...

#.. #.>....#
#.. #.####.##
#..##.#
#..###### #..#
##......######
#.##
######......#
#.# ##.....#.#
#.# #..###.#
#.# ####.## +#
#.# #...@.#
#.# #.###J#
#.# .. ..# ##
##.. ..# .# ..
#.


You could see a jelly.

Vanquished Creatures
  Grinder (D:3)
  Eustachio (D:4)
  A scorpion (D:6)
  A necrophage (D:2)
  An orc priest (D:3)
  2 orc wizards
  3 gnolls
  3 adders
  A worm (D:2)
  3 dart slugs (D:2)
  16 orcs
  5 bats
  An endoplasm (D:1)
  3 giant cockroaches
  6 goblins
  6 hobgoblins
  7 kobolds
  2 quokkas
  5 ball pythons
  3 frilled lizards
  6 rats
77 creatures vanquished.

Vanquished Creatures (others)
  3 plants (D:1)
3 creatures vanquished.

Grand Total: 80 creatures vanquished

Notes
Turn   | Place    | Note
-------+----------+-------------------------------------------
     0 | D:1      | Flugkiller the Formicid Hunter began the quest for the Orb.
     0 | D:1      | Reached XP level 1. HP: 16/16 MP: 1/1
   274 | D:1      | Reached XP level 2. HP: 23/23 MP: 2/2
   369 | D:1      | Reached skill level 3 in Fighting
   663 | D:1      | Reached XP level 3. HP: 29/29 MP: 3/3
   694 | D:1      | Found a faded altar of an unknown god.
  1097 | D:2      | Noticed a necrophage
  1116 | D:2      | Killed a necrophage
  1117 | D:2      | Reached skill level 5 in Fighting
  1117 | D:2      | Reached XP level 4. HP: 10/39 MP: 4/4
  1405 | D:2      | Reached XP level 5. HP: 42/44 MP: 5/5
  1540 | D:2      | Found a sacrificial altar of Ru.
  2050 | D:3      | Reached skill level 6 in Fighting
  2127 | D:3      | Reached XP level 6. HP: 20/53 MP: 6/6
  2929 | D:3      | Found an ornate altar of the Wu Jian Council.
  3140 | D:4      | Noticed Grinder
  3167 | D:3      | Killed Grinder
  3168 | D:3      | Reached skill level 7 in Fighting
  3168 | D:3      | Reached XP level 7. HP: 43/60 MP: 7/7
  3278 | D:4      | Noticed Duvessa
  3374 | D:4      | Noticed Eustachio
  3382 | D:4      | Killed Eustachio
  3434 | D:4      | You fall into a shaft and drop 2 floors!
  3697 | D:6      | HP: 3/60 [acid (7)]
  3698 | D:6      | Slain by a jelly

Illustrated notes

Levels and vault maps discovered:
D:1:      mushboom_english_gardens, layout_loops_corners,
          nicolae_ecumenical_lake_church, serial_forest,
          infiniplex_forest_clump_cross, infiniplex_forest_zigzag_1,
          infiniplex_forest_fountain, infiniplex_forest_lined_2,
          infiniplex_forest_join, infiniplex_forest_clump_small,
          infiniplex_forest_clump_long, st_stairs_7
D:2:      layout_rooms, basic_altar
D:3:      layout_rooms, nzn_wu_jian_contemplation, wad_orctagon
D:4:      layout_basic, mainiacjoe_overflow_brackets,
          minmay_temple_entry_offerings, gup_sewer_entry_pipe, uniq_eustachio,
          uniq_duvessa, uniq_grinder
D:6:      layout_rooms, mainiacjoe_overflow_24_doors, gammafunk_ghost_cemetery,
          hellmonk_bongcloud_opening, minmay_liquid_box

Skill      XL: |  1  2  3  4  5  6  7 |
---------------+----------------------+-----
Fighting       | 3 5 6 7 |  7.6
Polearms       | 2 3 |  3.0
Evocations     | 2 3 |  3.1
Ranged Weapons | |  4.0
Dodging        | |  1.7
Stealth        | |  1.2

Action                   |  1- 3 |  4- 6 |  7- 9 || total
-------------------------+-------+-------+-------++-------
 Fire: Shortbow          |    66 |   166 |    43 ||   275
 Abil: Dig               |     1 |       |       ||     1
  Use: Potion            |       |     1 |     1 ||     2
       Scroll            |       |       |     3 ||     3
Armor: Leather armour    |     4 |    28 |     1 ||    33
Dodge: Dodged            |     8 |    63 |    17 ||    88

Table legend: (Time is in decaauts)
 A = Elapsed time spent in this place.
 B = Non-inter-level travel time spent in this place.
 C = Inter-level travel time spent in this place.
 D = Time resting spent in this place.
 E = Time spent auto-exploring this place.
 F = Levels seen in this place.
 G = Mean time per level.
                   A        B        C        D        E       F      G
               +--------+--------+--------+--------+--------+-----+--------+
         Total |   3791 |   3706 |     85 |   1287 |   1650 |   5 |  758.2 |
       Dungeon |   3791 |   3706 |     85 |   1287 |   1650 |   5 |  758.2 |
               +--------+--------+--------+--------+--------+-----+--------+

Top non-repeatable levels by time:
     D:1: 1329 daAuts
     D:3: 1057 daAuts
     D:2: 914 daAuts
     D:6: 271 daAuts
     D:4: 217 daAuts
